 Dungeon Crawl Stone Soup version 0.21-a0-51-gea492e9 (webtiles) character file.

459 MackTheKnife the Covert (level 7, -2/45 HPs)
             Began as an Octopode Assassin on June 13, 2017.
             Slain by a gnoll
             ... wielding a +0 halberd
              (7 damage)
             ... on level 4 of the Dungeon.
             The game lasted 00:06:58 (4461 turns).

MackTheKnife the Covert (Octopode Assassin)         Turns: 4461, Time: 00:06:59

Health: -2/45      AC:  1    Str: 10 (11) XL:     7   Next: 6%
Magic:  16/16      EV: 13    Int: 12 (13) God:
Gold:   187        SH:  0    Dex: 14 (15) Spells: 6/6 levels left

rFire    . . .     SeeInvis .   a - +2 dagger (venom)
rCold    . . .     Gourm    .   (no shield)
rNeg     . . .     Faith    .   (helmet restricted)
rPois    .         Spirit   .   (no amulet)
rElec    .         Reflect  .   n - ring of wizardry {Wiz+, !d}
rCorr    .         Harm     .   s - ring of flight {+Fly, !d}
MR       .....                  u - ring of magical power {MP+9}
Stlth    ++++++....             (no ring)
Regen    0.2/turn               (no ring)
MPRegen  0.2/turn               (no ring)
                                (no ring)
                                (no ring)

@: no status effects
A: almost no armour, stealthy swim, amphibious, 8 rings, constrict 8, camouflage
1, gelatinous body 1
a: Evoke Flight


You were on level 4 of the Dungeon.
You were not hungry.

You visited 1 branch of the dungeon, and saw 4 of its levels.

You collected 187 gold pieces.

Inventory:

Hand Weapons
 a - a +2 dagger of venom (weapon)
   (You took it off an orc wizard on level 4 of the Dungeon)
 b - a +0 blowgun
Missiles
 c - 7 poisoned needles
 d - 2 curare-tipped needles
 t - a throwing net {=f, !d}
Jewellery
 n - a ring of wizardry (left tentacle) {Wiz+, !d}
   (You found it on level 2 of the Dungeon)
 s - a ring of flight (right tentacle) {+Fly, !d}
   (You found it on level 3 of the Dungeon)
 u - a ring of magical power (on tentacle) {MP+9}
   (You found it on level 4 of the Dungeon)
Scrolls
 e - 3 scrolls of remove curse
 k - a scroll of amnesia {unknown}
 p - a scroll of magic mapping {unknown}
 v - a scroll of random uselessness {unknown}
Potions
 g - a potion of berserk rage {unknown}
 i - a potion of curing
 j - a potion of magic {unknown}
 m - a potion of ambrosia {unknown}
 q - a potion of agility
 w - 2 potions of lignification {unknown}
 x - a potion of heal wounds {unknown}
Comestibles
 f - 3 bread rations {@e1}
 o - a fruit
 r - 2 meat rations {@e2}


   Skills:
 - Level 2.0 Fighting
 - Level 2.0 Short Blades
 - Level 2.0 Throwing
 - Level 1.0 Dodging
 + Level 11.3 Stealth


You had 6 spell levels left.
You didn't know any spells.

Dungeon Overview and Level Annotations

Branches:
Dungeon (4/15)
 Temple: D:4-7

Altars:
Gozag
Hepliaklqana
Kikubaaqudgha
Makhleb
Okawaru
Wu Jian
Zin

Annotations:
D:4 yrara's ghost, amateur DsFi


Innate Abilities, Weirdness & Mutations

You cannot wear most types of armour.
You are very stealthy in the water. (Stealth+)
You are amphibious.
You can wear up to eight rings at the same time.
You can use your tentacles to constrict eight enemies at once.
Your skin changes colour to match your surroundings (Stealth+).
Your rubbery body absorbs attacks. (AC +1, EV +1)


Message History

You take 4 damage, and have 29/39 hp.
You completely miss the orc wizard. You squeeze the orc wizard.
You kill the orc wizard!
Your Stealth skill increases to level 11!
You start resting.
Health restored: 39
Things that are here:
a dagger; a robe; an orc corpse You butcher the orc corpse.
h - 2 chunks of flesh {@w0}
Things that are here:
a dagger; a robe
Things that are here:
a dagger; a robe; an orc corpse The orc hits you.
You take 5 damage, and have 34/39 hp.
You hit the orc but do no damage.
The orc is poisoned.
Your grab misses the orc. The orc barely misses you.
You hit the orc but do no damage.
The orc looks as sick as possible!
You grab the orc. You squeeze the orc.
You kill the orc!
No target in view!
Things that are here:
a chain mail; an orc corpse Eating one of 2 chunks of flesh {@w0}.
You eat one of the 2 chunks of flesh {@w0}.
w - 2 fizzy silvery potions You regained 2 hp, and now have 37/39 hp.
An orc comes into view. It is wielding a trident.
The orc shouts!
Health restored: 39 An orc comes into view.
The orc misses you.
The orc priest shouts!
You hit the orc. You grab the orc.
You constrict the orc, but do no damage.
The orc barely misses you.
You hit the orc.
The orc is poisoned.
You squeeze the orc, but do no damage. You constrict the orc.
You kill the orc!
You closely miss the orc priest. Your grab misses the orc priest.
The orc priest hits you with a mace.
You take 4 damage, and have 35/39 hp.
You hit the orc priest.
The orc priest is poisoned.
You grab the orc priest. You constrict the orc priest.
The orc priest hits you with a mace.
You take 6 damage, and have 29/39 hp.
You hit the orc priest.
The orc priest looks as sick as possible!
You squeeze the orc priest!
You kill the orc priest!
You feel your strength returning.
You have reached level 7!
You regained 5 hp, and now have 34/45 hp.
MP restored: 16 You see here a mace.
Drop what? 24/52 slots (_ for help) (? for menu, Esc to quit)
You drop 3 potions of degeneration {!q}.
An orc is nearby!
An orc is nearby!
An orc is nearby!
An orc is nearby!
You completely miss the orc. Your grab misses the orc.
Your squeeze misses the orc. The orc closely misses you.
You hit the orc but do no damage. You grab the orc. You squeeze the orc.
You constrict the orc.
You kill the orc!
No target in view!
No target in view!
No target in view!
Things that are here:
a trident; a scale mail All of the chunks of flesh in your inventory have rotted away.
Found a stone staircase leading up.
You regained 4 hp, and now have 39/45 hp.
The gnoll is too close now for your liking. 2 gnolls come into view.
The gnoll shouts! x2
The gnoll barely misses you.
You hit the gnoll.
The gnoll is poisoned.
You grab the gnoll. You constrict the gnoll. The gnoll misses you.
The gnoll hits you from afar with a halberd.
You take 6 damage, and have 35/45 hp.
You hit the gnoll. You constrict the gnoll. The gnoll misses you.
You release your grip on the gnoll.
You kill the gnoll!
The gnoll closely misses you. x2
The gnoll hits you from afar with a halberd!
You take 7 damage, and have 28/45 hp.
The gnoll hits you with a halberd!
You take 11 damage, and have 18/45 hp.
MASSIVE DAMAGE!!
You barely miss the gnoll. You grab the gnoll. You constrict the gnoll.
The gnoll hits you with a halberd!
* * * LOW HITPOINT WARNING * * *
You take 13 damage, and have 5/45 hp.
MASSIVE DAMAGE!!
Okay, then.
You release your grip on the gnoll.
The gnoll hits you from afar with a halberd!
You die...

######### ###################
#........ #<................#
#........ ###########.......#
#........ #........##.......#
#........
##.#####.##.......###........
#......gwg.@................
##.#.#.#.##.......###........
#<...#.#.########.# ##.###...
##.#w# #gw....# #.# #.# #...
#.#.# #)..[..# #.# #.# #...
#.# # #......# #.# #.# #...
#.. #......# #[# #.# #... ###
#......# #.# #.# #...
..########.####.# ##..


You could see a worm and 2 gnolls.

Vanquished Creatures
  A phantom (D:3)
  A hound (D:4)
  An orc priest (D:4)
  4 orc wizards (D:4)
  An iguana (D:4)
  A gnoll (D:4)
  6 adders
  2 worms
  2 dart slugs
  A leopard gecko (D:1)
  7 orcs (D:4)
  3 ball pythons
  9 bats
  4 giant cockroaches
  7 goblins
  7 hobgoblins
  10 jackals
  6 kobolds
  4 quokkas
  5 frilled lizards
  A leopard gecko skeleton (D:4)
  13 rats
96 creatures vanquished.

Notes
Turn   | Place    | Note
-------+----------+-------------------------------------------
     0 | D:1      | MackTheKnife the Octopode Assassin began the quest for the Orb.
     0 | D:1      | Reached XP level 1. HP: 14/14 MP: 1/1
   162 | D:1      | Reached XP level 2. HP: 12/19 MP: 2/2
   237 | D:1      | Reached skill level 6 in Stealth
   691 | D:1      | Reached XP level 3. HP: 24/24 MP: 3/3
   815 | D:2      | Reached skill level 7 in Stealth
   925 | D:2      | Found an ornate altar of the Wu Jian Council.
   982 | D:2      | HP: 6/24 [poisoned by an adder]
  1216 | D:2      | Reached XP level 4. HP: 22/29 MP: 4/4
  1403 | D:2      | Reached skill level 8 in Stealth
  1413 | D:2      | HP: 7/29 [poisoned by an adder]
  2038 | D:2      | Found an ancient bone altar of Kikubaaqudgha.
  2039 | D:2      | Found an iron altar of Okawaru.
  2039 | D:2      | Found a hazy altar of Hepliaklqana.
  2039 | D:2      | Found a glowing silver altar of Zin.
  2045 | D:2      | Found an opulent altar of Gozag.
  2045 | D:2      | Found a burning altar of Makhleb.
  2289 | D:3      | Reached XP level 5. HP: 31/34 MP: 5/5
  2589 | D:3      | Noticed a phantom
  2605 | D:3      | Killed a phantom
  2605 | D:3      | Reached skill level 9 in Stealth
  2627 | D:3      | Reached XP level 6. HP: 32/39 MP: 6/6
  3252 | D:4      | Reached skill level 10 in Stealth
  3678 | D:4      | HP: 9/39 [poisoned by an orc wizard]
  3772 | D:4      | Noticed yrara's ghost (amateur DsFi)
  4193 | D:4      | Reached skill level 11 in Stealth
  4407 | D:4      | Reached XP level 7. HP: 34/45 MP: 7/7
  4460 | D:4      | HP: 5/45 [gnoll/halberd (13)]
  4461 | D:4      | Slain by a gnoll

Vault maps used:
D:1:      co_arrival_square_in_a_square_in_a_square
D:2:      minmay_overflow_temple_hex, nicolae_overflow_crystal_walls
D:3:      minmay_misc_feat_cross, hangedman_decor_peaks_small
D:4:      first_bread, grunt_ministairs_5

Skill      XL: |  1  2  3  4  5  6 |
---------------+-------------------+-----
Stealth        | 6 7 8 9 11 | 11.3
Fighting       | |  2.0
Short Blades   | |  2.0
Throwing       | |  2.0
Dodging        | |  1.0

Action                   |  1- 3 |  4- 6 |  7- 9 || total
-------------------------+-------+-------+-------++-------
Melee: Dagger            |    62 |   134 |     5 ||   201
       Tentacles         |    10 |    22 |     1 ||    33
       Constrict         |    20 |    33 |     3 ||    56
 Fire: Blowgun           |     1 |     1 |       ||     2
  Use: Scroll            |     1 |       |       ||     1
       Potion            |       |     3 |       ||     3
 Stab: Sleeping          |     9 |    18 |       ||    27
  Eat: Chunk             |       |    11 |       ||    11
Armor: Skin              |     6 |     5 |       ||    11
Dodge: Dodged            |    30 |    74 |     6 ||   110

Vault maps used:
D:1:      co_arrival_square_in_a_square_in_a_square
D:2:      minmay_overflow_temple_hex, nicolae_overflow_crystal_walls
D:3:      minmay_misc_feat_cross, hangedman_decor_peaks_small
D:4:      first_bread, grunt_ministairs_5

Table legend:
 A = Turns spent in this place as a percentage of turns spent in the entire game.
 B = Non-inter-level travel turns spent in this place as a percentage of non-inter-level travel turns spent in the entire game.
 C = Inter-level travel turns spent in this place as a percentage of turns spent in this place.
 D = Turns resting spent in this place as a percentage of non-inter-level travel turns spent in this place.
 E = Turns spent auto-exploring this place as a percentage of non-inter-level travel turns spent in this place.
 F = Non-inter-level travel turns spent in this place divided by the number of levels of this place that you've seen.
                   A       B       C       D       E      F
               +-------+-------+-------+-------+-------+----------------------
         Total | 100.0 | 100.0 |   0.4 |   4.2 |   9.6 | 284.2
       Dungeon | 100.0 | 100.0 |   0.4 |   4.2 |   9.6 | 284.2
               +-------+-------+-------+-------+-------+----------------------

Table legend:
 A = Kills in this place as a percentage of kills in entire the game.
 B = Kills by you in this place as a percentage of kills by you in the entire game.
 C = Kills by friends in this place as a percentage of kills by friends in the entire game.
 D = Other kills in this place as a percentage of other kills in the entire game.
 E = Experience gained in this place as a percentage of experience gained in the entire game.
 F = Experience gained in this place divided by the number of levels of this place that you have seen.
                   A       B       C       D       E      F
               +-------+-------+-------+-------+-------+----------------------
         Total | 100.0 | 100.0 |  -nan |  -nan | 100.0 | 164.0
       Dungeon | 100.0 | 100.0 |  -nan |  -nan | 100.0 | 164.0
               +-------+-------+-------+-------+-------+----------------------
